[Event "GER-chT Youth Countries 2020"]
[Site "Berlin"]
[Date "2020.10.01"]
[Round "3"]
[White "Basovskiy, Jana"]
[Black "Hommer, Jeremy"]
[Result "0-1"]
[ECO "C00"]
[WhiteElo "1760"]
[BlackElo "2246"]
[Annotator "ChessBase"]
[PlyCount "86"]
[EventDate "2020.09.30"]
[EventType "team-tourn"]
[EventRounds "7"]
[EventCountry "GER"]
[SourceTitle "playchess.com"]
[Source "ChessBase"]
[SourceQuality "1"]
[TimeControl "30/5400+30:0"]

1. e4 e6 2. d3 d5 3. Nd2 Nf6 4. c3 c5 5. g3 Nc6 6. Bg2 Be7 7. Ngf3 b6 8. O-O Bb7 9. Qe2 Qc7 10. Re1 O-O-O 11. exd5 exd5 12. d4 Rhe8 13. Qd3 Bd6 14. Rxe8 Rxe8 15. Nf1 cxd4 16. cxd4 Nb4 17. Qf5+ Kb8 18. Be3 Nc2 19. Rd1 Nxe3 20. Nxe3 Qe7 21. Qd3 g6 22. Rc1 Ne4 23. Qb3 Qe6 24. Nf1 f5 25. N1d2 Qf6 26. Qd3 h5 27. Re1 Re7 28. Nf1 g5 29. Rc1 f4 30. Qd1 g4 31. Ne1 fxg3 32. fxg3 Qf2+ 33. Kh1 Ba6 34. Nc2 Bxf1 35. Qxf1 Qd2 36. Bxe4 Rxe4 37. Qd1 Qa5 38. a3 Qb5 39. b4 Qe8 40. Qf1 Re2 41. Qf5 Qe4+ 42. Qxe4 dxe4 43. Kg1 h4 0-1

[Event "GER-chT Youth Countries 2020"]
[Site "Berlin"]
[Date "2020.10.01"]
[Round "3"]
[White "Hagenbeck-Huebert, Ben"]
[Black "Herrmann, Jakob"]
[Result "1/2-1/2"]
[ECO "E73"]
[WhiteElo "1749"]
[BlackElo "1504"]
[Annotator "NA"]
[PlyCount "132"]
[EventDate "2020.09.30"]
[EventType "team-tourn"]
[EventRounds "7"]
[EventCountry "GER"]
[SourceTitle "playchess.com"]
[Source "ChessBase"]
[SourceQuality "1"]
[TimeControl "30/5400+30:0"]

1. d4 Nf6 2. c4 g6 3. Nc3 Bg7 4. e4 d6 5. Be2 O-O 6. Be3 e5 7. d5 Nbd7 8. g4 Nc5 9. f3 a5 10. h4 h5 11. g5 Nfd7 12. Nh3 Qe7 13. Nf2 Kh7 14. Nd3 Nxd3+ 15. Qxd3 Nc5 16. Qc2 Rd8 17. b3 Bd7 18. a3 a4 19. b4 Nb3 20. Ra2 Nd4 21. Qd1 Rf8 22. Bd3 f5 23. Rf2 Qf7 24. Rhf1 fxe4 25. fxe4 Qe7 26. Rxf8 Rxf8 27. Rxf8 Qxf8 28. Be2 Qe8 29. Kd2 c6 30. Qf1 Qe7 31. Bd1 c5 32. bxc5 dxc5 33. Bxa4 Bxa4 34. Nxa4 Nb3+ 35. Kc3 Nd4 36. Qb1 Qd7 37. Nxc5 Qh3 38. Qd3 Qc8 39. Na4 Qa8 40. Kb4 b5 41. cxb5 Bf8+ 42. Nc5 Bxc5+ 43. Kxc5 Qc8+ 44. Kb4 Qf8+ 45. Kc3 Qxa3+ 46. Kd2 Qb2+ 47. Kd1 Qa1+ 48. Bc1 Qa4+ 49. Ke1 Qxb5 50. Qxb5 Nxb5 51. Bb2 Nd6 52. Bxe5 Nxe4 53. d6 Nc5 54. Kd2 Kg8 55. Ke3 Kf7 56. Kd4 Nd7 57. Kd5 Ke8 58. Ke6 Nf8+ 59. Kf6 Nd7+ 60. Kxg6 Nxe5+ 61. Kxh5 Nf7 62. g6 Nxd6 63. Kh6 Kf8 64. Kh7 Ne8 65. h5 Nf6+ 66. Kh6 Nxh5 1/2-1/2

[Event "GER-chT Youth Countries 2020"]
[Site "Berlin"]
[Date "2020.10.01"]
[Round "3"]
[White "Pohle, Saskia"]
[Black "Avetyan, Manan"]
[Result "1-0"]
[ECO "C44"]
[WhiteElo "1749"]
[BlackElo "1356"]
[Annotator "NA"]
[PlyCount "52"]
[EventDate "2020.09.30"]
[EventType "team-tourn"]
[EventRounds "7"]
[EventCountry "GER"]
[SourceTitle "playchess.com"]
[Source "ChessBase"]
[SourceQuality "1"]
[TimeControl "30/5400+30:0"]

1. e4 e5 2. Nf3 Nc6 3. d4 exd4 4. Bc4 Bc5 5. c3 Nf6 6. O-O Nxe4 7. cxd4 d5 8. dxc5 dxc4 9. Qe2 Qe7 10. Qxc4 Nxc5 11. b4 Ne6 12. Ba3 Qf6 13. Nc3 a6 14. Nd5 Qg6 15. Rfe1 O-O 16. Ne5 Nxe5 17. Ne7+ Kh8 18. Nxg6+ Nxg6 19. Rad1 b5 20. Qc3 Nef4 21. Bb2 f6 22. Qxc7 Bf5 23. Qc5 Nh4 24. Re7 Nfxg2 25. Qc7 Rae8 26. Rxg7 Be4 1-0

[Event "GER-chT Youth Countries 2020"]
[Site "Berlin"]
[Date "2020.10.01"]
[Round "3"]
[White "Braeutigam, Katerina"]
[Black "Besou, Hussain"]
[Result "1/2-1/2"]
[ECO "A22"]
[WhiteElo "1744"]
[BlackElo "1825"]
[Annotator "NA"]
[PlyCount "172"]
[EventDate "2020.09.30"]
[EventType "team-tourn"]
[EventRounds "7"]
[EventCountry "GER"]
[SourceTitle "playchess.com"]
[Source "ChessBase"]
[SourceQuality "1"]
[TimeControl "30/5400+30:0"]

1. c4 e5 2. g3 Nf6 3. Nc3 d5 4. cxd5 Nxd5 5. Bg2 Nb6 6. Nf3 Nc6 7. O-O Be7 8. b3 O-O 9. Bb2 Be6 10. Rc1 f6 11. d3 Qd7 12. Ne4 Rad8 13. Qc2 Bh3 14. Nc5 Bxc5 15. Qxc5 Bxg2 16. Kxg2 Qd5 17. Ba3 Rfe8 18. Rc2 a5 19. Rfc1 e4 20. Qxd5+ Rxd5 21. dxe4 Rxe4 22. e3 h6 23. Bc5 Nd7 24. Kf1 Kf7 25. Nd4 Nxd4 26. Bxd4 c6 27. f3 Re8 28. Rc4 f5 29. R1c2 g5 30. Kf2 Re6 31. a3 Rb5 32. b4 Ne5 33. Bxe5 Rbxe5 34. R2c3 axb4 35. axb4 Rd5 36. Rc2 Rd3 37. Re2 Kf6 38. e4 fxe4 39. Rcxe4 Rxe4 40. Rxe4 Rd2+ 41. Re2 Rd4 42. Rb2 Ke5 43. Ke3 b6 44. Rc2 Rxb4 45. Rxc6 Rb3+ 46. Kf2 Rb2+ 47. Kg1 h5 48. Rh6 Kf5 49. Rxh5 Rb1+ 50. Kg2 Rb2+ 51. Kh3 Kg6 52. Rh8 b5 53. Rf8 Kg7 54. Rb8 Kg6 55. Kg4 Rb4+ 56. f4 gxf4 57. gxf4 Rb2 58. Rb6+ Kg7 59. h4 Rg2+ 60. Kf3 Rh2 61. Rxb5 Rxh4 62. Rb6 Rh5 63. Ke4 Kf7 64. Rb7+ Kf6 65. Rb6+ Kf7 66. Kf3 Ra5 67. Kg4 Rc5 68. Rb7+ Kf6 69. Rb6+ Kf7 70. Rb1 Kf6 71. Rh1 Kg6 72. Rh8 Kf6 73. Rf8+ Kg6 74. Re8 Kf6 75. Re4 Ra5 76. Rb4 Rc5 77. f5 Rc1 78. Rb6+ Kf7 79. Rb4 Kf6 80. Rb6+ Kf7 81. Kg5 Rg1+ 82. Kf4 Rf1+ 83. Ke5 Re1+ 84. Kd4 Rf1 85. Rb5 Kf6 86. Rb8 Rxf5 1/2-1/2

[Event "GER-chT Youth Countries 2020"]
[Site "Berlin"]
[Date "2020.10.01"]
[Round "3"]
[White "Nitsche, Nikolai"]
[Black "Reitz, Theresa"]
[Result "1/2-1/2"]
[ECO "A48"]
[WhiteElo "1721"]
[BlackElo "1886"]
[Annotator "NA"]
[PlyCount "103"]
[EventDate "2020.09.30"]
[EventType "team-tourn"]
[EventRounds "7"]
[EventCountry "GER"]
[SourceTitle "playchess.com"]
[Source "ChessBase"]
[SourceQuality "1"]
[TimeControl "30/5400+30:0"]

1. d4 Nf6 2. Nf3 g6 3. Bf4 Bg7 4. e3 d5 5. Bd3 O-O 6. O-O c5 7. c3 b6 8. Nbd2 Nc6 9. h3 Bb7 10. Ne5 Nd7 11. Nxc6 Bxc6 12. Bh2 e5 13. dxe5 Nxe5 14. Be2 Qe7 15. Nf3 Nc4 16. Bxc4 dxc4 17. Bd6 Bxf3 18. Bxe7 Bxd1 19. Raxd1 Rfc8 20. Rd7 b5 21. Rd5 Bf8 22. Bf6 a5 23. Rfd1 Ra6 24. Be5 b4 25. a3 bxa3 26. bxa3 f6 27. Bd6 Rb6 28. Bxf8 Kxf8 29. Rd7 Rcb8 30. Rc7 Rb1 31. Rf1 R1b3 32. Rd1 Rb1 33. Rf1 Rxf1+ 34. Kxf1 Rb3 35. Rxc5 Rxa3 36. Rxc4 Ra2 37. Rc7 h5 38. g3 Ke8 39. Ra7 a4 40. c4 Kd8 41. c5 Kc8 42. c6 Kb8 43. Rb7+ Kc8 44. Ra7 a3 45. c7 Kd7 46. Kg2 Kc8 47. e4 Kd7 48. h4 Kc8 49. Kf3 Ra1 50. Kg2 Ra2 51. Kf3 Ra1 52. g4 1/2-1/2

[Event "GER-chT Youth Countries 2020"]
[Site "Berlin"]
[Date "2020.10.01"]
[Round "3"]
[White "Hoppstaedter, Daniel"]
[Black "Zackrisson, Peter"]
[Result "0-1"]
[ECO "A70"]
[WhiteElo "1712"]
[BlackElo "1947"]
[Annotator "ChessBase"]
[PlyCount "54"]
[EventDate "2020.09.30"]
[EventType "team-tourn"]
[EventRounds "7"]
[EventCountry "GER"]
[SourceTitle "playchess.com"]
[Source "ChessBase"]
[SourceQuality "1"]
[TimeControl "30/5400+30:0"]

1. d4 Nf6 2. c4 c5 3. d5 e6 4. Nc3 exd5 5. cxd5 d6 6. e4 g6 7. Nf3 Bg4 8. Bg5 Bg7 9. Qa4+ Bd7 10. Qb3 Qc7 11. Bc4 O-O 12. O-O-O Ng4 13. Bh4 a6 14. a4 b5 15. axb5 axb5 16. Nxb5 Bxb5 17. Bxb5 Na6 18. h3 Ne5 19. Nd2 Nb4 20. f4 Rfb8 21. fxe5 Ra1+ 22. Nb1 Bh6+ 23. Rd2 Rxb5 24. exd6 Qxd6 25. Qc4 Qb6 26. b3 Rba5 27. g4 Rxb1+ 0-1

[Event "GER-chT Youth Countries 2020"]
[Site "Berlin"]
[Date "2020.10.01"]
[Round "3"]
[White "Bildat, Emilia"]
[Black "Junker, Magnus"]
[Result "0-1"]
[ECO "A15"]
[WhiteElo "1704"]
[BlackElo "2093"]
[Annotator "ChessBase"]
[PlyCount "78"]
[EventDate "2020.09.30"]
[EventType "team-tourn"]
[EventRounds "7"]
[EventCountry "GER"]
[SourceTitle "playchess.com"]
[Source "ChessBase"]
[SourceQuality "1"]
[TimeControl "30/5400+30:0"]

1. c4 Nf6 2. g3 d5 3. cxd5 Nxd5 4. Bg2 Nc6 5. Nc3 Nb6 6. Nf3 g6 7. O-O Bg7 8. d3 O-O 9. Be3 h6 10. h4 e5 11. Qd2 Kh7 12. Rac1 Nd4 13. Ne4 f5 14. Nc5 Nxf3+ 15. Bxf3 f4 16. gxf4 Qxh4 17. Ne4 exf4 18. Bxb6 cxb6 19. Rc7 Be6 20. Qc3 Rf7 21. Rxf7 Bxf7 22. Qc7 Bd5 23. Nf6+ Qxf6 24. Bxd5 Re8 25. Qxb7 Rxe2 26. b4 Qg5+ 27. Kh1 Qh4+ 28. Kg1 Re5 29. Bg2 h5 30. Rc1 Re2 31. Rf1 Rxa2 32. d4 Kh6 33. Qe4 Qg4 34. d5 Ra3 35. Kh2 f3 36. Qxg4 hxg4 37. Bh1 Be5+ 38. Kg1 Rd3 39. Rb1 a5 0-1

[Event "GER-chT Youth Countries 2020"]
[Site "Berlin"]
[Date "2020.10.01"]
[Round "3"]
[White "Werner, Rosalie"]
[Black "Haubold, Sebastian Marcel"]
[Result "0-1"]
[ECO "C54"]
[WhiteElo "1688"]
[BlackElo "1769"]
[Annotator "NA"]
[PlyCount "94"]
[EventDate "2020.09.30"]
[EventType "team-tourn"]
[EventRounds "7"]
[EventCountry "GER"]
[SourceTitle "playchess.com"]
[Source "ChessBase"]
[SourceQuality "1"]
[TimeControl "30/5400+30:0"]

1. e4 e5 2. Nf3 Nc6 3. Bc4 Bc5 4. c3 Nf6 5. d4 exd4 6. e5 d5 7. Bb5 Ne4 8. cxd4 Bb6 9. Nc3 O-O 10. Be3 Bg4 11. h3 Bh5 12. Qc2 Bg6 13. Qb3 Ne7 14. O-O c6 15. Bd3 Nd2 16. Nxd2 Bxd3 17. Rfe1 Bg6 18. Ne2 h6 19. Ng3 Nf5 20. Nxf5 Bxf5 21. Nf1 Qh4 22. Ng3 Bh7 23. Ne2 f6 24. exf6 Rxf6 25. Rf1 Raf8 26. a4 R8f7 27. a5 Bc7 28. f3 Bf5 29. Bf2 Qg5 30. g4 Bxg4 31. Be3 Rxf3 32. Rxf3 Rxf3 33. Bxg5 Rxb3 34. hxg4 hxg5 35. Ra2 Rb5 36. a6 b6 37. Kf2 Kf7 38. Ke3 Rb3+ 39. Kd2 Bf4+ 40. Kc2 Re3 41. Kd1 Ke6 42. Ra1 Rh3 43. Kc2 Rh2 44. Kd3 c5 45. Re1 Kd6 46. b3 Rh3+ 47. Kc2 Re3 0-1

[Event "GER-chT Youth Countries 2020"]
[Site "Berlin"]
[Date "2020.10.01"]
[Round "3"]
[White "Grabs, Peter"]
[Black "Mueller, Maximilian"]
[Result "0-1"]
[ECO "C01"]
[WhiteElo "1674"]
[BlackElo "2303"]
[Annotator "ChessBase"]
[PlyCount "50"]
[EventDate "2020.09.30"]
[EventType "team-tourn"]
[EventRounds "7"]
[EventCountry "GER"]
[SourceTitle "playchess.com"]
[Source "ChessBase"]
[SourceQuality "1"]
[TimeControl "30/5400+30:0"]

1. e4 e6 2. d4 d5 3. exd5 exd5 4. Bd3 Nc6 5. c3 Bd6 6. Ne2 Nge7 7. Bf4 Be6 8. O-O f6 9. Nd2 Qd7 10. Nf3 O-O-O 11. b4 g5 12. Bxd6 Qxd6 13. a4 h5 14. a5 Nf5 15. Ng3 Nxg3 16. fxg3 h4 17. gxh4 gxh4 18. b5 Ne7 19. Nd2 Bd7 20. Nb3 Rdg8 21. Kh1 f5 22. Nc5 f4 23. Nxd7 h3 24. gxh3 Rxh3 25. Ne5 Rxh2+ 0-1

[Event "GER-chT Youth Countries 2020"]
[Site "Berlin"]
[Date "2020.10.01"]
[Round "3"]
[White "Trunz, Michelle"]
[Black "Margaryan, Susanna"]
[Result "1/2-1/2"]
[ECO "D10"]
[WhiteElo "1662"]
[BlackElo "1450"]
[Annotator "NA"]
[PlyCount "80"]
[EventDate "2020.09.30"]
[EventType "team-tourn"]
[EventRounds "7"]
[EventCountry "GER"]
[SourceTitle "playchess.com"]
[Source "ChessBase"]
[SourceQuality "1"]
[TimeControl "30/5400+30:0"]

1. d4 d5 2. c4 c6 3. Nc3 Nf6 4. Bg5 a6 5. e3 e6 6. a3 b5 7. c5 Be7 8. Bd3 O-O 9. Nf3 Nbd7 10. O-O Qc7 11. Qc2 h6 12. Bh4 Re8 13. Ne2 Nh5 14. Bxe7 Rxe7 15. Ng3 Nxg3 16. hxg3 e5 17. Be2 e4 18. Nd2 f5 19. b4 g5 20. g4 f4 21. Qb3 Nf6 22. Qd1 Kg7 23. Re1 fxe3 24. fxe3 Qd7 25. Rf1 Nxg4 26. Bxg4 Qxg4 27. Qxg4 Bxg4 28. Nb3 Rf8 29. Na5 Bd7 30. Rxf8 Kxf8 31. Rf1+ Rf7 32. Rxf7+ Kxf7 33. Kf2 Kg6 34. g4 h5 35. gxh5+ Kxh5 36. Kg3 Kg6 37. Nb7 Kf6 38. Na5 Kf5 39. Nb7 Kg6 40. Nd6 Kf6 1/2-1/2

[Event "GER-chT Youth Countries 2020"]
[Site "Berlin"]
[Date "2020.10.01"]
[Round "3"]
[White "Schiewe, Nadin"]
[Black "Huppert, Anna"]
[Result "1-0"]
[ECO "A40"]
[WhiteElo "1660"]
[BlackElo "1440"]
[Annotator "NA"]
[PlyCount "42"]
[EventDate "2020.09.30"]
[EventType "team-tourn"]
[EventRounds "7"]
[EventCountry "GER"]
[SourceTitle "playchess.com"]
[Source "ChessBase"]
[SourceQuality "1"]
[TimeControl "30/5400+30:0"]

1. d4 e6 2. Nf3 c5 3. e3 d5 4. c3 Nc6 5. Bd3 Nf6 6. Nbd2 Bd7 7. Qe2 cxd4 8. exd4 Bd6 9. Ne5 Qc7 10. f4 O-O 11. O-O Be8 12. Rf3 Nd7 13. Bxh7+ Kh8 14. Nxd7 g6 15. Nxf8 Bxf8 16. Rh3 Kg7 17. Qg4 Be7 18. Nf3 Bd7 19. Ne5 Nxe5 20. fxe5 Bc6 21. Bg5 Rh8 1-0

[Event "GER-chT Youth Countries 2020"]
[Site "Berlin"]
[Date "2020.10.01"]
[Round "3"]
[White "Tovmasyan, Minas"]
[Black "Simon, Tessa"]
[Result "1/2-1/2"]
[ECO "D10"]
[WhiteElo "1658"]
[BlackElo "1860"]
[Annotator "NA"]
[PlyCount "108"]
[EventDate "2020.09.30"]
[EventType "team-tourn"]
[EventRounds "7"]
[EventCountry "GER"]
[SourceTitle "playchess.com"]
[Source "ChessBase"]
[SourceQuality "1"]
[TimeControl "30/5400+30:0"]

1. d4 d5 2. c4 c6 3. cxd5 cxd5 4. Bf4 Nc6 5. Nc3 Nf6 6. e3 a6 7. Bd3 e6 8. a3 Bd6 9. Bxd6 Qxd6 10. f4 b5 11. Nf3 Na5 12. b3 Ng4 13. Nd2 h5 14. h3 Nxe3 15. Qf3 Nf5 16. Bxf5 exf5 17. Qxd5 Qxd5 18. Nxd5 O-O 19. b4 Nc6 20. Nb6 Rb8 21. Nxc8 Rbxc8 22. Nb3 Rfe8+ 23. Kf2 Rcd8 24. Rhe1 Re4 25. Rxe4 fxe4 26. Rc1 Nxd4 27. Rd1 e3+ 28. Kxe3 Nc2+ 29. Ke2 Re8+ 30. Kf2 Nxa3 31. Nc5 Nc2 32. Nxa6 Re4 33. Rd2 Nxb4 34. Kf3 Rc4 35. Nxb4 Rxb4 36. f5 Kf8 37. Re2 Rc4 38. g4 hxg4+ 39. hxg4 f6 40. Ra2 Kf7 41. Ra7+ Kg8 42. Rb7 b4 43. Kg3 Kh7 44. Kh4 Rd4 45. Rb8 Rf4 46. Kg3 Rc4 47. Kh4 Rd4 48. Rb7 Kh6 49. Rb8 g5+ 50. Kg3 Rd3+ 51. Kg2 b3 52. Rb7 Rd2+ 53. Kg3 b2 54. Kh3 Rd3+ 1/2-1/2

[Event "GER-chT Youth Countries 2020"]
[Site "Berlin"]
[Date "2020.10.01"]
[Round "3"]
[White "Wilmink, Anna"]
[Black "Haug, Mara"]
[Result "1-0"]
[ECO "B35"]
[WhiteElo "1608"]
[BlackElo "1366"]
[Annotator "NA"]
[PlyCount "68"]
[EventDate "2020.09.30"]
[EventType "team-tourn"]
[EventRounds "7"]
[EventCountry "GER"]
[SourceTitle "playchess.com"]
[Source "ChessBase"]
[SourceQuality "1"]
[TimeControl "30/5400+30:0"]

1. e4 c5 2. Nf3 Nc6 3. d4 cxd4 4. Nxd4 g6 5. Nc3 Bg7 6. Be3 Nf6 7. Bc4 Qa5 8. O-O O-O 9. Bb3 d6 10. f3 Bd7 11. Qd2 Rfe8 12. h3 a6 13. Rad1 Qc7 14. f4 Na5 15. f5 Nxb3 16. axb3 Bc6 17. fxg6 fxg6 18. Ne6 Qd7 19. Nxg7 Kxg7 20. Nd5 Bxd5 21. exd5 Kg8 22. Bh6 Rac8 23. c4 Qc7 24. Qc3 b5 25. Rc1 Qd8 26. g4 Qd7 27. Rf4 Rc5 28. Rcf1 Qa7 29. Kh1 Rcc8 30. h4 bxc4 31. bxc4 Qb7 32. h5 Rb8 33. R1f2 Qb3 34. Qe1 Qd3 1-0

[Event "GER-chT Youth Countries 2020"]
[Site "Berlin"]
[Date "2020.10.01"]
[Round "3"]
[White "Voigt, Anastasia"]
[Black "Werner, Florin"]
[Result "1-0"]
[ECO "C06"]
[WhiteElo "1562"]
[BlackElo "1481"]
[Annotator "NA"]
[PlyCount "109"]
[EventDate "2020.09.30"]
[EventType "team-tourn"]
[EventRounds "7"]
[EventCountry "GER"]
[SourceTitle "playchess.com"]
[Source "ChessBase"]
[SourceQuality "1"]
[TimeControl "30/5400+30:0"]

1. e4 e6 2. d4 d5 3. Nd2 Nf6 4. e5 Nfd7 5. Bd3 c5 6. c3 Nc6 7. Ne2 cxd4 8. cxd4 f6 9. exf6 Nxf6 10. Nf3 Bd6 11. Bf4 O-O 12. O-O Nh5 13. Bxd6 Qxd6 14. Qc2 Rxf3 15. gxf3 Bd7 16. Rad1 Nf4 17. Nxf4 Qxf4 18. Qc3 e5 19. Qd2 Qxf3 20. Qe3 Qh5 21. dxe5 Nxe5 22. Be2 Bg4 23. Bxg4 Nxg4 24. Qg3 Rf8 25. Rd3 Ne5 26. Re3 Rf5 27. Kh1 Ng4 28. Re7 h6 29. h3 Rg5 30. Qd3 Nf6 31. Rg1 Ne4 32. Rxg5 Nxf2+ 33. Kh2 Qxg5 34. Qe3 Qh4 35. Re8+ Kh7 36. Qg3 Qxg3+ 37. Kxg3 Nd3 38. Re7 b6 39. Rxa7 Nxb2 40. Rd7 Nc4 41. Rxd5 Na3 42. Rd3 Nc4 43. Rb3 h5 44. Rb4 Na5 45. Rxb6 g6 46. a4 Kh6 47. Rb5 Nc6 48. a5 Na7 49. Rb7 Nc6 50. a6 Kg5 51. a7 h4+ 52. Kf3 Nxa7 53. Rxa7 Kf5 54. Ra5+ Kf6 55. Kg4 1-0

[Event "GER-chT Youth Countries 2020"]
[Site "Berlin"]
[Date "2020.10.01"]
[Round "3"]
[White "Eichhorn, Mathilda"]
[Black "Bako, Evelin"]
[Result "1/2-1/2"]
[ECO "C43"]
[WhiteElo "1532"]
[BlackElo "1192"]
[Annotator "NA"]
[PlyCount "76"]
[EventDate "2020.09.30"]
[EventType "team-tourn"]
[EventRounds "7"]
[EventCountry "GER"]
[SourceTitle "playchess.com"]
[Source "ChessBase"]
[SourceQuality "1"]
[TimeControl "30/5400+30:0"]

1. e4 e5 2. Nf3 Nf6 3. d4 Nxe4 4. Bd3 d5 5. dxe5 Bg4 6. Bxe4 dxe4 7. Qxd8+ Kxd8 8. Ng5 Ke8 9. Nxe4 Nc6 10. Be3 Nxe5 11. Nbd2 Bb4 12. O-O f6 13. a3 Be7 14. f3 Bf5 15. Rfe1 Kf7 16. Bf4 Bd6 17. Nxd6+ cxd6 18. Ne4 Rad8 19. Re2 Rhe8 20. b3 d5 21. Bxe5 Rxe5 22. Ng3 Rxe2 23. Nxe2 Bxc2 24. Nd4 Bg6 25. Rc1 Rd7 26. h3 Ke7 27. Re1+ Kf7 28. f4 Be4 29. g4 g6 30. Rd1 a6 31. Kf2 Re7 32. Rd2 Rc7 33. Ne2 Rc2 34. Rxc2 Bxc2 35. b4 Be4 36. Nc3 f5 37. g5 b5 38. Ke3 Ke6 1/2-1/2

[Event "GER-chT Youth Countries 2020"]
[Site "Berlin"]
[Date "2020.10.01"]
[Round "3"]
[White "Uhlmann, Tim"]
[Black "Brunner, Sophia"]
[Result "1-0"]
[ECO "C01"]
[WhiteElo "1523"]
[BlackElo "1850"]
[Annotator "NA"]
[PlyCount "74"]
[EventDate "2020.09.30"]
[EventType "team-tourn"]
[EventRounds "7"]
[EventCountry "GER"]
[SourceTitle "playchess.com"]
[Source "ChessBase"]
[SourceQuality "1"]
[TimeControl "30/5400+30:0"]

1. e4 e6 2. d4 d5 3. exd5 exd5 4. Nf3 Bd6 5. c4 Nf6 6. Nc3 O-O 7. Bd3 Re8+ 8. Be3 Bf4 9. O-O Bxe3 10. fxe3 Nc6 11. Nxd5 Nxd5 12. cxd5 Qxd5 13. e4 Qh5 14. d5 Ne5 15. Nxe5 Qxe5 16. Qf3 f6 17. Kh1 Bd7 18. b3 c6 19. Rad1 Kh8 20. Bb1 Re7 21. d6 Re6 22. Qf5 Qxf5 23. exf5 Re5 24. Rfe1 Rae8 25. Rxe5 Rxe5 26. Kg1 Kg8 27. g4 Kf7 28. Kf2 Ke8 29. b4 Kd8 30. Bc2 a6 31. h4 h5 32. Kf3 g6 33. Kf4 hxg4 34. fxg6 Be6 35. Rh1 Rh5 36. g7 Ke8 37. Bg6+ Bf7 1-0

[Event "GER-chT Youth Countries 2020"]
[Site "Berlin"]
[Date "2020.10.01"]
[Round "3"]
[White "Fischer, Juliane"]
[Black "Schwenke, Mia"]
[Result "1/2-1/2"]
[ECO "C47"]
[WhiteElo "1509"]
[BlackElo "1265"]
[Annotator "NA"]
[PlyCount "81"]
[EventDate "2020.09.30"]
[EventType "team-tourn"]
[EventRounds "7"]
[EventCountry "GER"]
[SourceTitle "playchess.com"]
[Source "ChessBase"]
[SourceQuality "1"]
[TimeControl "30/5400+30:0"]

1. e4 e5 2. Nf3 Nc6 3. Nc3 Nf6 4. a3 d5 5. Bb5 d4 6. Ne2 Bd7 7. d3 Bd6 8. O-O h6 9. Bd2 Ne7 10. Bc4 Nc6 11. Ng3 g6 12. Nxe5 Nxe5 13. Ba2 g5 14. f4 gxf4 15. Bxf4 Qe7 16. Nh5 Nxh5 17. Bxe5 Qxe5 18. Bxf7+ Kd8 19. Qxh5 Qxh5 20. Bxh5 c6 21. Rf7 Be8 22. Rf6 Be7 23. Rf5 Bxh5 24. Rxh5 Kd7 25. Rf5 Raf8 26. Raf1 Rxf5 27. Rxf5 Rf8 28. g4 Ke6 29. Kg2 Rxf5 30. gxf5+ Ke5 31. Kf3 Bg5 32. b3 b5 33. Kg4 a6 34. Kh5 Kf6 35. Kg4 c5 36. a4 Be3 37. axb5 axb5 38. h3 Bd2 39. Kh5 Bg5 40. Kg4 b4 41. Kh5 1/2-1/2

[Event "GER-chT Youth Countries 2020"]
[Site "Berlin"]
[Date "2020.10.01"]
[Round "3"]
[White "Moldovan, Tatiana"]
[Black "Goepfert, Christian"]
[Result "0-1"]
[ECO "C73"]
[WhiteElo "1480"]
[BlackElo "1603"]
[Annotator "NA"]
[PlyCount "112"]
[EventDate "2020.09.30"]
[EventType "team-tourn"]
[EventRounds "7"]
[EventCountry "GER"]
[SourceTitle "playchess.com"]
[Source "ChessBase"]
[SourceQuality "1"]
[TimeControl "30/5400+30:0"]

1. e4 e5 2. Nf3 Nc6 3. Bb5 a6 4. Ba4 d6 5. Bxc6+ bxc6 6. d4 exd4 7. Nxd4 Bd7 8. Nc3 g6 9. O-O Bg7 10. Be3 Nf6 11. Nf3 Qe7 12. Bg5 h6 13. Bh4 O-O 14. e5 dxe5 15. Re1 Be6 16. Nxe5 Qc5 17. Nd3 Qd4 18. Bg3 Qa7 19. Ne5 Bd5 20. Nxd5 cxd5 21. Nc6 Qc5 22. Ne7+ Kh7 23. b4 Qc4 24. Qd3 Qxb4 25. Bxc7 Qc5 26. Bg3 Rfe8 27. Qe3 Qxe3 28. Rxe3 Ne4 29. Rae1 Rxe7 30. Kf1 Nxg3+ 31. hxg3 Rxe3 32. Rxe3 Rc8 33. Re2 Rc3 34. Rd2 d4 35. Rd3 Rxd3 36. cxd3 f5 37. Ke2 g5 38. f3 Kg6 39. g4 Kf6 40. g3 Ke5 41. Kd2 fxg4 42. fxg4 Kd5 43. Kc2 Be5 44. Kd2 Bxg3 45. Kd1 Ke5 46. Ke2 Kf4 47. Kd2 Kxg4 48. Ke2 h5 49. a4 h4 50. Kf1 Kf3 51. a5 Ke3 52. Kg2 Kxd3 53. Kf1 Kc2 54. Kg2 d3 55. Kh3 d2 56. Kg2 d1=Q 0-1

[Event "GER-chT Youth Countries 2020"]
[Site "Berlin"]
[Date "2020.10.01"]
[Round "3"]
[White "Fuchs, Emily"]
[Black "Jacoby, Angelina"]
[Result "0-1"]
[ECO "B01"]
[WhiteElo "1441"]
[BlackElo "1630"]
[Annotator "NA"]
[PlyCount "92"]
[EventDate "2020.09.30"]
[EventType "team-tourn"]
[EventRounds "7"]
[EventCountry "GER"]
[SourceTitle "playchess.com"]
[Source "ChessBase"]
[SourceQuality "1"]
[TimeControl "30/5400+30:0"]

1. e4 d5 2. exd5 Qxd5 3. Nc3 Qd8 4. d4 Nf6 5. Nf3 Bg4 6. d5 c6 7. Bc4 b5 8. Bb3 b4 9. Na4 cxd5 10. Nc5 e6 11. Ba4+ Nbd7 12. Nxd7 Nxd7 13. h3 Bxf3 14. Qxf3 Be7 15. Qg3 O-O 16. Bf4 Rc8 17. O-O Nc5 18. Bb3 Bf6 19. Rab1 a5 20. a4 Qd7 21. Be5 Ne4 22. Qf4 Bxe5 23. Qxe5 Nd2 24. Rbd1 Nxf1 25. Rxf1 Qc7 26. Qe3 Rfd8 27. Kh1 Qc5 28. Qe2 Qd4 29. Rb1 Qc5 30. Rf1 Rd6 31. f4 d4 32. Qd3 Qf5 33. Qxf5 exf5 34. Re1 d3 35. cxd3 Rxd3 36. Bc2 Rd5 37. Kg1 Kf8 38. Bb3 Rd3 39. Ba2 Rcd8 40. Kh2 b3 41. Bb1 Rd1 42. Rxd1 Rxd1 43. Bxf5 Rd2 44. Kg3 Rxb2 45. Kf3 Ra2 46. Bb1 Rxa4 0-1

[Event "GER-chT Youth Countries 2020"]
[Site "Berlin"]
[Date "2020.10.01"]
[Round "3"]
[White "Berghold, Lotta"]
[Black "Schreidl, Michael"]
[Result "0-1"]
[ECO "D05"]
[WhiteElo "1411"]
[BlackElo "1640"]
[Annotator "NA"]
[PlyCount "86"]
[EventDate "2020.09.30"]
[EventType "team-tourn"]
[EventRounds "7"]
[EventCountry "GER"]
[SourceTitle "playchess.com"]
[Source "ChessBase"]
[SourceQuality "1"]
[TimeControl "30/5400+30:0"]

1. d4 d5 2. Nf3 Nf6 3. e3 e6 4. Bd3 Be7 5. Nbd2 Nbd7 6. O-O O-O 7. c3 c5 8. Qe2 Re8 9. e4 dxe4 10. Nxe4 Nxe4 11. Bxe4 Nf6 12. Bc2 cxd4 13. Nxd4 a6 14. Bg5 Nd5 15. Bxe7 Qxe7 16. Qf3 g6 17. Rfe1 b5 18. Rad1 Bb7 19. Be4 f5 20. Bb1 Qf7 21. Ne2 e5 22. Qd3 Rad8 23. Qg3 f4 24. Qg5 Kg7 25. Be4 h6 26. Bxd5 Bxd5 27. Qg4 Be6 28. Qf3 Bd5 29. Qg4 f3 30. Ng3 fxg2 31. Ne4 Qf4 32. Qxf4 exf4 33. f3 Bxe4 34. Rxd8 Rxd8 35. Rxe4 Rd1+ 36. Kxg2 Rd2+ 37. Kh3 Rxb2 38. a4 g5 39. axb5 axb5 40. Rd4 Rc2 41. Rd3 Kg6 42. Rd6+ Kh5 43. Rd3 Re2 0-1